AoeStats
← 545434

Four Lakes

510037104Analyzed
1v1 RM · 2d ago on Sep 29, 2026· 44m 10s· 2 players
Game mode
Random Map
Map size
Tiny (2 player)
Population
200
Speed
Normal
Resources
Standard
Victory
Conquest
Starting age
Dark Age
Ending age
Imperial Age
RankedLock teamsTeams togetherTeam positionsShared explorationLock speedFull tech treeHidden civsTurbo modeCheats
Victory
Defeat
🇹🇼 Varangians · Taiwan
915
+18
🇨🇦 Koreans · Canada
959
-18
99KaiKai
9:12 Loom
11:30 Feudal Age
12:31 Double-Bit Axe
15:05 Castle Age
13:22 Horse Collar
16:36 Bow Saw
17:40 Wheelbarrow
16:50 Town Watch
22:53 Gold Mining
24:40 Hand Cart
24:36 Stone Mining
29:42 Imperial Age
27:39 Squires
27:24 Arson
28:21 Scale Mail Armor
28:33 Forging
28:33 Heavy Plow
29:04 Masonry
30:11 Chain Mail Armor
30:32 Iron Casting
30:49 Conscription
31:30 Husbandry
31:40 Bloodlines
32:20 Plate Mail Armor
32:18 Scale Barding Armor
33:16 Blast Furnace
31:57 Elite Varangian Guard
32:08 Gothikon
34:21 Ballistics
34:15 Scale Barding Armor
34:35 Elite Jarl
36:37 Chain Barding Armor
36:29 Fletching
37:32 Architecture
41:44 Siege Engineers
42:18 Bodkin Arrow
43:53 Plate Barding Armor
44:00 Bracer
43:45 Treadmill Crane
45:43 Chemistry
545434
4:33 Loom
12:30 Feudal Age
16:14 Double-Bit Axe
16:27 Stone Mining
19:26 Castle Age
17:40 Fletching
20:09 Crossbowman
21:37 Wheelbarrow
20:48 Town Watch
21:01 Bodkin Arrow
22:20 Horse Collar
23:15 Gold Mining
24:13 Ballistics
24:17 Squires
27:20 Hand Cart
29:36 Bow Saw
33:06 Imperial Age
31:24 Scale Mail Armor
31:41 Town Patrol
32:13 Heavy Plow
32:32 Masonry
32:02 Treadmill Crane
32:45 Eupseong
33:10 Arbalester
33:53 Bracer
35:36 Chemistry
34:21 Arrowslits
35:45 Conscription
36:31 Forging
39:04 Architecture
38:22 Arrowslits
44:23 Iron Casting
Connection lost

Rejoining the realm…

Still unreachable

The connection could not be restored.

Session expired

The server has moved on; the page needs a fresh start.